 Dungeon Crawl Stone Soup version 0.24.0-123-gd5b16e6ec5 (webtiles) character file.

Game seed: 416457454421559725, levelgen mode: deterministic

9158 Elellon the Grappler (level 11, -2/109 HPs)
             Began as a Troll Monk on Jan 8, 2020.
             Was a High Priest of Okawaru.
             Slain by a bullfrog (4 damage)
             ... on level 10 of the Dungeon.
             The game lasted 00:19:16 (7948 turns).

Elellon the Grappler (Troll Monk)                   Turns: 7948, Time: 00:19:18

Health: -2/109     AC:  9    Str: 29    XL:     11   Next: 19%
Magic:  0/10       EV: 13    Int: 11    God:    Okawaru [*****.]
Gold:   356        SH:  0    Dex: 12    Spells: 10/10 levels left

rFire    . . .     SeeInvis .     - Unarmed
rCold    . . .     Gourm    +   (no shield)
rNeg     . . .     Faith    .   v - +0 troll leather armour
rPois    .         Spirit   +   (helmet restricted)
rElec    .         Reflect  .   I - +0 cloak
rCorr    .         Harm     .   (gloves unavailable)
MR       .....                  (boots unavailable)
Stlth    +.........             B - amulet of guardian spirit
HPRegen  1.08/turn              (no ring)
MPRegen  0.12/turn              (no ring)

@: mighty, brilliant, lethally poisoned (-2 -> -3)
A: large, unfitting armour, claws 3, fast metabolism 3, gourmand, regeneration
1, shaggy fur 1, tough skin 3
a: Heroism, Finesse, Renounce Religion


You were on level 10 of the Dungeon.
You worshipped Okawaru.
Okawaru was extremely pleased with you.
You were completely stuffed.

You visited 2 branches of the dungeon, and saw 11 of its levels.
You also visited: Ossuary.

You collected 440 gold pieces.
You spent 84 gold pieces at shops.

Inventory:

Hand Weapons
 g - a +0 giant spiked club
 h - a +0 flail
Armour
 a - a +0 robe
 v - a +0 troll leather armour (worn)
 I - a +0 cloak (worn)
Jewellery
 B - an amulet of guardian spirit (around neck)
 D - an uncursed ring of wizardry {unknown}
 G - a +2 ring of strength
Wands
 C - a wand of random effects (24)
Scrolls
 c - 4 scrolls of blinking {unknown}
 e - 3 scrolls of enchant weapon
 f - 5 scrolls of identify
 k - 5 scrolls of teleportation
 l - 7 scrolls of amnesia {unknown}
 m - a scroll of fear {unknown}
 n - 5 scrolls of enchant armour {unknown}
 q - 12 scrolls of remove curse {unknown}
 w - a scroll of fog {unknown}
 y - a scroll of torment {unknown}
 A - a scroll of silence {unknown}
 F - a scroll of magic mapping {unknown}
 H - a scroll of vulnerability {unknown}
Potions
 d - 4 potions of might
 i - a potion of lignification {unknown}
 j - 3 potions of cancellation {unknown}
 o - 2 potions of ambrosia {unknown}
 p - 3 potions of haste {unknown}
 r - 3 potions of brilliance
 s - 2 potions of heal wounds {unknown}
 t - 5 potions of curing
 u - a potion of agility {unknown}
 x - a potion of berserk rage {unknown}
 z - 2 potions of flight {unknown}
 J - a potion of magic {unknown}
Comestibles
 b - 17 rations
 E - 4 chunks of flesh


   Skills:
 + Level 7.4 Fighting
 + Level 6.4 Maces & Flails
 + Level 7.4 Dodging
 - Level 1.0 Stealth
 * Level 11.3 Unarmed Combat


You had 10 spell levels left.
You didn't know any spells.
Your spell library was empty.

Dungeon Overview and Level Annotations

Branches:
Dungeon (10/15)            Temple (1/1) D:5             Orc (0/2) D:10
Ossuary (visited)
   Lair: D:8-11

Altars:
Ashenzari
Cheibriados
Dithmenos
Elyvilon
Fedhas
Gozag
Hepliaklqana
Kikubaaqudgha
Makhleb
Nemelex Xobeh
Okawaru
Qazlal
Ru
Sif Muna
Trog
Uskayaw
Vehumet
Wu Jian
Xom
Yredelemnul
Zin
The Shining One

Shops:
D:5 (=   D:8 }   D:9 !

Annotations:
D:6 exclusion: statue
D:7 3 runed translucent doors, jf82's ghost, novice KoBe


Innate Abilities, Weirdness & Mutations

You are too large for most types of armour.
You have claws for hands.
Your metabolism is lightning-fast.
You like to eat raw meat.
Your natural rate of healing is unusually fast.
You are covered in fur. (AC +1)
You have extremely tough skin. (AC +3)


Message History

The orc priest is severely wounded.
The bullfrog misses you.
The orc priest mumbles some strange prayers to Beogh against you.
Pain shoots through your body!
* * * LOW HITPOINT WARNING * * *
The orc misses you.
The orc warrior hits you with a +0 flail!
* * * LOW HITPOINT WARNING * * *
You closely miss the orc priest.
The orc priest is severely wounded.
The bullfrog closely misses you. The bullfrog misses you.
Unknown command.
You eviscerate the orc priest!!!
You kill the orc priest!
Okawaru accepts your kill. The orc closely misses you.
The orc warrior hits you with a +0 flail!
* * * LOW HITPOINT WARNING * * *
The bullfrog hits you.
You die...

....# ##### ....##
#....# #....# ### #....#
... #....# .# #########
... #....# ... #.......#
... #....# ....
#.o.....# ... #....#
....o #@o.....# ...
#....#
......#oF.....##########
#....#
.............†..........
#....#
........................
#....#
........................
#....#
........................
######
########################


You could see an orc warrior, a bullfrog, an orc wizard and an orc.

Vanquished Creatures
  Harold (D:9)
  A centaur warrior (D:10)
  2 two-headed ogres (D:9)
  An unseen horror (D:10)
  2 trolls
  Grinder (D:6)
  2 hippogriffs
  A wraith (Ossuary)
  A hungry ghost (D:8)
  3 wargs (D:10)
  Edmund (D:6)
  2 orc warriors
  An ice beast (D:6)
  A sky beast (D:9)
  A necrophage (D:7)
  3 phantoms
  11 ogres
  5 centaurs
  A big kobold (D:7)
  4 bullfrogs
  A gnoll sergeant (D:10)
  2 scorpions
  A water moccasin skeleton (D:8)
  4 killer bees (D:9)
  5 wights (D:8)
  A howler monkey (D:9)
  3 crimson imps
  A jelly (D:8)
  6 hounds
  4 orc priests
  3 iguanas
  4 worker ants
  13 orc wizards
  A hound zombie (D:9)
  A mummy (Ossuary)
  7 gnolls (D:10)
  6 adders
  2 shadow imps
  An ooze (D:1)
  6 worms
  A dart slug (D:5)
  8 leopard geckos
  50 orcs
  4 giant cockroaches
  5 goblins
  12 hobgoblins
  14 jackals
  8 quokkas
  3 ball pythons
  2 bats (D:3)
  3 frilled lizards
  6 gnoll skeletons (Ossuary)
  11 kobolds
  5 kobold skeletons (Ossuary)
  14 orc skeletons (Ossuary)
  11 rats
274 creatures vanquished.

Notes
Turn   | Place    | Note
-------+----------+-------------------------------------------
     0 | D:1      | Elellon the Troll Monk began the quest for the Orb.
     0 | D:1      | Reached XP level 1. HP: 22/22 MP: 0/0
   131 | D:1      | Reached XP level 2. HP: 29/29 MP: 1/1
   604 | D:1      | Reached XP level 3. HP: 35/36 MP: 2/2
   675 | D:2      | Found a shadowy altar of Dithmenos.
  1097 | D:2      | Reached XP level 4. HP: 33/45 MP: 3/3
  1681 | D:3      | Found a sparkling altar of Nemelex Xobeh.
  1759 | D:3      | Reached skill level 4 in Unarmed Combat
  1902 | D:3      | Found a white marble altar of Elyvilon.
  1986 | D:2      | Reached XP level 5. HP: 36/53 MP: 4/4
  2694 | D:4      | Reached XP level 6. HP: 55/62 MP: 5/5
  3411 | D:4      | Found a stormy altar of Qazlal.
  3417 | D:4      | Reached skill level 5 in Unarmed Combat
  3434 | D:4      | Found a glowing golden altar of the Shining One.
  3769 | D:5      | Entered Level 5 of the Dungeon
  3786 | D:5      | Found a basalt altar of Yredelemnul.
  3835 | D:5      | Found a sand-covered staircase.
  3842 | Ossuary  | Entered an ossuary
  3842 | Ossuary  | Noticed a wraith
  3842 | Ossuary  | Noticed a wraith
  3842 | Ossuary  | Noticed a wraith
  3862 | Ossuary  | Reached XP level 7. HP: 68/70 MP: 6/6
  3910 | Ossuary  | Noticed a wraith
  3933 | Ossuary  | Killed a wraith
  3933 | Ossuary  | Reached skill level 1 in Maces & Flails
  4047 | D:5      | Found Momixt's Jewellery Emporium.
  4049 | D:5      | Found Kabret's Weapon Emporium.
  4102 | D:5      | Found a staircase to the Ecumenical Temple.
  4113 | Temple   | Entered the Ecumenical Temple
  4177 | Temple   | Became a worshipper of Warmaster Okawaru
  4177 | Temple   | Reached * piety under Okawaru
  4177 | Temple   | Reached ** piety under Okawaru
  4304 | D:5      | Reached skill level 6 in Unarmed Combat
  4380 | D:5      | Found a glowing golden altar of the Shining One.
  4730 | D:6      | Reached XP level 8. HP: 49/79 MP: 5/7
  4991 | D:6      | Found a radiant altar of Vehumet.
  5108 | D:6      | Found a burning altar of Makhleb.
  5108 | D:6      | Noticed Grinder
  5109 | D:6      | Noticed Edmund
  5116 | D:6      | Reached skill level 5 in Fighting
  5116 | D:6      | Reached skill level 5 in Dodging
  5121 | D:6      | Killed Edmund
  5121 | D:6      | Reached skill level 7 in Unarmed Combat
  5139 | D:6      | Paralysed by Grinder for 7 turns
  5149 | D:6      | Killed Grinder
  5149 | D:6      | Reached *** piety under Okawaru
  5618 | D:7      | Reached XP level 9. HP: 87/88 MP: 8/8
  5648 | D:7      | Found a bloodstained altar of Trog.
  5671 | D:7      | Found a shattered altar of Ashenzari.
  5806 | D:7      | Reached skill level 8 in Unarmed Combat
  6089 | D:7      | Found a runed translucent gate.
  6089 | D:7      | Found a runed translucent gate.
  6089 | D:7      | Found a runed translucent gate.
  6090 | D:7      | Noticed jf82's ghost (novice KoBe)
  6145 | D:8      | Found Ziamn's Gadget Shop.
  6215 | D:8      | Reached **** piety under Okawaru
  6299 | D:8      | Found an ancient bone altar of Kikubaaqudgha.
  6322 | D:8      | Found a sparkling altar of Nemelex Xobeh.
  6431 | D:8      | Reached skill level 9 in Unarmed Combat
  6706 | D:8      | Reached ***** piety under Okawaru
  6724 | D:8      | Found a hide-covered altar of Uskayaw.
  6772 | D:9      | Noticed Harold
  6789 | D:9      | Killed Harold
  6789 | D:9      | Reached skill level 5 in Maces & Flails
  6789 | D:9      | Reached XP level 10. HP: 81/100 MP: 6/9
  6881 | D:9      | Found Sosau's Distillery.
  6888 | D:9      | Bought a potion of curing for 36 gold pieces
  6888 | D:9      | Bought a potion of degeneration for 12 gold pieces
  6888 | D:9      | Bought a potion of curing for 36 gold pieces
  7015 | D:9      | Found a bloodstained altar of Trog.
  7057 | D:9      | Reached skill level 10 in Unarmed Combat
  7138 | D:9      | Noticed a two-headed ogre
  7145 | D:9      | Killed a two-headed ogre
  7227 | D:9      | Noticed a two-headed ogre
  7233 | D:9      | Killed a two-headed ogre
  7233 | D:9      | Received a gift from Okawaru
  7284 | D:10     | Entered Level 10 of the Dungeon
  7391 | D:10     | Found a staircase to the Orcish Mines.
  7706 | D:10     | Killed an unseen horror
  7706 | D:10     | Reached skill level 11 in Unarmed Combat
  7706 | D:10     | Reached XP level 11. HP: 29/109 MP: 3/10
  7773 | D:10     | Noticed a centaur warrior
  7781 | D:10     | Killed a centaur warrior
  7948 | D:10     | HP: 2/109 [orc warrior/+0 flail (9)]
  7948 | D:10     | Slain by a bullfrog

Levels and vault maps discovered:
D:1:      eino_arrival_cavern_c, layout_basic
D:2:      layout_basic, lemuel_doored_altar
D:3:      layout_basic, nemelex_xobeh_ov_fountains_minmay,
          nicolae_overflow_hidden_temple
D:4:      layout_basic, overflow_temple_1_default, tso_altar
D:5:      layout_cave_pools, yredelemnul_altar_generic,
          nicolae_overflow_crystal_walls, minmay_temple_entry_slanted,
          serial_column_ruins, column_ruins_hut_ruined, column_ruins_hut_ruined,
          column_ruins_corridor_straight, column_ruins_columns_corner,
          column_ruins_open_small, column_ruins_open_medium_water,
          column_ruins_open_tiny, column_ruins_corridor_straight,
          column_ruins_grid_1, chequers_ossuary_entry_cave, serial_shops, shop,
          shop, first_ration
D:6:      layout_rooms, vehumet_statue, lemuel_crystal_altar, uniq_grinder,
          uniq_edmund
D:7:      layout_loops_ring, cheibrodos_ashenzari_chains, basic_altar,
          gammafunk_ghost_necromancy
D:8:      layout_rooms, old_standard_altar, lemuel_coloured_pillars_altar,
          serial_shops, shop, basic_altar, grunt_ogre_cave
D:9:      layout_basic, lemuel_round_altar, serial_shops, shop, uniq_harold
D:10:     layout_grid_maze, minmay_orc_entry_guard_dogs
Temple:   zaba_magenta_temple

Skill      XL: |  1  2  3  4  5  6  7  8  9 10 |
---------------+-------------------------------+-----
Fighting       | 3 4 5 6 7 |  7.4
Dodging        | 3 4 5 6 7 |  7.4
Unarmed Combat | 4 5 6 7 9 11 | 11.3
Maces & Flails | 2 3 5 6 |  6.4
Stealth        | |  1.0

Action                   |  1- 3 |  4- 6 |  7- 9 | 10-12 || total
-------------------------+-------+-------+-------+-------++-------
Melee: Unarmed           |    93 |   178 |   315 |   181 ||   767
       Punch             |     1 |     4 |    11 |     5 ||    21
  Use: Scroll            |       |     4 |     2 |       ||     6
       Potion            |       |       |       |     2 ||     2
 Stab: Sleeping          |     1 |     2 |     2 |       ||     5
       Distracted        |       |       |     1 |       ||     1
  Eat: Chunk             |    15 |    23 |    33 |    10 ||    81
Armor: Robe              |    26 |    49 |    66 |    11 ||   152
       Troll leather arm |       |       |       |    67 ||    67
Dodge: Dodged            |    35 |    81 |   170 |   130 ||   416
